 Dungeon Crawl Stone Soup version 0.26.1-11-gd32895ea62 (webtiles) character file.

Game seed: 16380356397252331798

107 Almogavar the Covered (level 4, -9/37 HPs)
             Began as a Barachi Fighter on May 17, 2021.
             Mangled by an ogre
             ... wielding a +0 giant club
              (15 damage)
             ... on level 3 of the Dungeon.
             The game lasted 00:04:33 (1671 turns).

Almogavar the Covered (Barachi Fighter)             Turns: 1671, Time: 00:04:33

Health: -9/37      AC: 10    Str: 18    XL:     4   Next: 85%
Magic:  4/4        EV:  7    Int:  8    God:
Gold:   124        SH:  9    Dex: 12    Spells: 3/3 levels left

rFire    . . .     SeeInvis +   a - +0 long sword
rCold    . . .     Faith    .   c - +0 kite shield
rNeg     . . .     Spirit   .   b - +0 scale mail
rPois    .         Reflect  .   (no helmet)
rElec    .         Harm     .   (no cloak)
rCorr    .         Rampage  .   (no gloves)
Will     .....                  h - +2 pair of boots
Stlth    ..........             (no amulet)
HPRegen  0.12/turn              f - ring of see invisible
MPRegen  0.09/turn              (no ring)

@: slow
A: +LOS, swims, slowness 1, strong legs 1
a: Hop


You were on level 3 of the Dungeon.
You visited 1 branch of the dungeon, and saw 3 of its levels.

You collected 124 gold pieces.

Inventory:

Hand Weapons
 a - a +0 long sword (weapon)
 k - a +0 hunting sling
Missiles
 g - 41 sling bullets
 t - 49 stones
Armour
 b - a +0 scale mail (worn)
 c - a +0 kite shield (worn)
 h - a +2 pair of boots (worn)
 w - a +0 chain mail
Jewellery
 f - a ring of see invisible (left hand)
 v - a +4 ring of slaying {unknown}
Scrolls
 e - 3 scrolls of teleportation
 m - a scroll of fear {unknown}
 n - a scroll of fog {unknown}
 o - a scroll of identify {unknown}
 r - a scroll of remove curse
 s - a scroll of enchant weapon {unknown}
Potions
 d - a potion of might
 i - a potion of attraction {unknown}
 j - 2 potions of mutation {unknown}
 l - a potion of haste {unknown}
 p - 2 potions of lignification {unknown}
 q - a potion of brilliance {unknown}
 u - a potion of berserk rage {unknown}


   Skills:
 + Level 4.1 Fighting
 + Level 3.5 Long Blades
 + Level 4.7 Armour
 + Level 1.0 Dodging
 + Level 4.1 Shields


You had 3 spell levels left.
You didn't know any spells.
Your spell library was empty.

Dungeon Overview and Level Annotations

Branches:
Dungeon (3/15)

Altars:


Innate Abilities, Weirdness & Mutations

You can be seen from farther away. (+LOS)
You can swim through water.
You cover ground slowly.
You can hop short distances.


Message History

You slash the ogre!
The ogre is heavily wounded.
The ogre hits you with a +0 giant club!!
Ouch! That really hurt!
You hit the ogre.
The ogre is severely wounded.
You closely miss the ogre.
The ogre is severely wounded.
The ogre hits you with a +0 giant club!
* * * LOW HITPOINT WARNING * * *
You hit the ogre.
The ogre is severely wounded.
You block the ogre's attack.
You barely miss the ogre.
The ogre is severely wounded.
You block the ogre's attack.
You barely miss the ogre.
The ogre is severely wounded.
The ogre hits you with a +0 giant club!
You die...

## ### ####### #... .>#
###.....#
#.....###.#######.#.....#
......lO@................
......###.#######.#.....#
.... #.##### #.###.###
#.########.....###.###.#
..........####.#.......###
#....#######.## #.....###...#
#.............# ###.##<...#.#
#....######...###†).......#.#
.. #................#.# #


You could see an ogre and a leopard gecko.

Vanquished Creatures
  Terence (D:2)
  2 adders
  A dart slug (D:1)
  3 leopard geckos
  An orc (D:3)
  12 bats
  6 giant cockroaches (D:1)
  4 goblins (D:1)
  6 hobgoblins
  2 jackals (D:1)
  A quokka (D:3)
  3 frilled lizards
  7 kobolds
  5 rats
54 creatures vanquished.

Notes
Turn   | Place    | Note
-------+----------+-------------------------------------------
     0 | D:1      | Almogavar the Barachi Fighter began the quest for the Orb.
     0 | D:1      | Reached XP level 1. HP: 18/18 MP: 1/1
    61 | D:1      | Reached XP level 2. HP: 25/25 MP: 2/2
   333 | D:1      | Reached XP level 3. HP: 30/30 MP: 3/3
   893 | D:2      | Noticed Terence
   953 | D:2      | Killed Terence
   954 | D:2      | Reached XP level 4. HP: 37/37 MP: 4/4
  1047 | D:2      | You fall into a shaft and drop 1 floor!
  1507 | D:3      | Reached skill level 1 in Dodging
  1661 | D:3      | Noticed an ogre
  1671 | D:3      | Mangled by an ogre

Illustrated notes

Levels and vault maps discovered:
D:1:      psy_arrival_dodecagon, layout_basic
D:2:      layout_rooms, serial_corexii_hall, corexii_hall_statues_x,
          chequers_hall_statues_y, uniq_terence
D:3:      layout_basic

Skill      XL: |  1  2  3  4 |
---------------+-------------+-----
Armour         | 4 |  4.7
Fighting       | 4 |  4.1
Long Blades    | 3 |  3.5
Shields        | 4 |  4.1
Dodging        | 1 |  1.0

Action                   |  1- 3 |  4- 6 || total
-------------------------+-------+-------++-------
Melee: Long sword        |   134 |    61 ||   195
  Use: Scroll            |     1 |     2 ||     3
Armor: Scale mail        |    58 |    28 ||    86
Dodge: Dodged            |    41 |    24 ||    65
Block: Kite shield       |    81 |    38 ||   119
       Rpst.: Long sword |    11 |     5 ||    16
